Map: [ESL] Cosmic Sapphire

Players

Nina

  • Race: Protoss Protoss
  • League: Master
  • Spawn Location: 5:00

Astrea - Winner!

  • Race: Protoss Protoss
  • League: Master
  • Spawn Location: 11:00

Event: HomeStory Cup XXII

VOD

Have the link to the VOD?

Description

Time

  • Played on: Dec. 16, 2022, 9:23 a.m.
  • Length: 16:13

All games in this series

Show
View Real Time Build Order
Export as new Build Order

Nina Protoss 

Build Orders: Blink Stalkers 

Get SALT Encoding   

  12  0:00  Probe  
  13  0:12  Probe  
  14  0:18  Pylon  
  14  0:24  Probe (Chrono Boost)  
  15  0:36  Probe (Chrono Boost)  
  15  0:38  Gateway  
  16  0:45  Probe (Chrono Boost)  
  16  0:46  Assimilator  
  17  0:50  Probe  
  17  0:55  Assimilator  
  18  1:03  Probe (Chrono Boost)  
  19  1:14  Probe (Chrono Boost)  
  19  1:16  Gateway  
  20  1:18  Probe (Chrono Boost)  
  20  1:24  Cybernetics Core  
  21  1:29  Probe  
  22  1:35  Pylon  
  22  1:41  Probe  
  23  1:53  Probe  
  24  2:01  Stalker  
  26  2:03  Stalker  
  26  2:04  Warp Gate  
  26  2:06  Probe  
  29  2:20  Pylon  
  29  2:25  Pylon  
  29  2:34  Sentry  
  31  2:39  Sentry  
  33  2:44  Nexus  
  33  2:50  Shield Battery  
  33  2:52  Probe  
  34  3:05  Shield Battery, Probe  
  35  3:13  Twilight Council  
  35  3:17  Probe  
  36  3:22  Pylon  
  36  3:28  Stalker  
  36  3:29  Probe  
  39  3:38  Blink (Chrono Boost)  
  39  3:41  Probe  
  40  3:43  Shield Battery  
  40  3:53  Probe  
  40  3:55  Stalker  
  43  3:56  Probe  
  44  4:05  Probe (Chrono Boost)  
  46  4:10  Stalker  
  46  4:12  Probe (Chrono Boost)  
  49  4:17  Shield Battery, Probe (Chrono Boost)  
  49  4:23  Probe x2 (Chrono Boost)  
  51  4:25  Stalker  
  53  4:31  Probe  
  53  4:32  Probe  
  53  4:35  Stalker  
  57  4:41  Robotics Facility  
  57  4:43  Probe  
  57  4:44  Probe  
  58  4:56  Probe x2  
  58  4:57  Stalker  
  58  4:59  Pylon  
  60  5:08  Probe  
  60  5:12  Probe (Chrono Boost)  
  60  5:20  Probe (Chrono Boost)  
  60  5:21  Stalker x2  
  64  5:24  Warp Prism (Chrono Boost)  
  67  5:28  Probe (Chrono Boost)  
  67  5:30  Probe (Chrono Boost)  
  68  5:36  Pylon  
  68  5:41  Nexus  
  68  5:42  Probe  
  69  5:43  Probe  
  70  6:00  Probe  
  69  6:08  Stalker x2  
  69  6:09  Probe  
  74  6:11  Gateway  
  74  6:15  Gateway  
  74  6:19  Gateway  
  74  6:21  Gateway, Probe  
  74  6:23  Forge  
  75  6:26  Probe, Assimilator  
  75  6:27  Assimilator  
  76  6:33  Pylon  
  76  6:36  Pylon  
  76  6:38  Gateway  
  77  6:42  Gateway  
  77  6:43  Probe  
  77  6:45  Probe  
  78  6:51  Adept x2  
  80  6:56  Protoss Ground Weapons Level 1 (Chrono Boost), Probe x2  
  80  6:57  Shield Battery  
  82  7:03  Probe  
  82  7:06  Stalker  
  85  7:08  Probe  
  85  7:12  Stalker  
  88  7:21  Stalker x3  
  94  7:24  Adept  
  94  7:26  Probe  
  93  7:32  Stalker  
  93  7:34  Stalker  
  93  7:35  Probe  
  96  7:38  Probe  
  93  7:45  Probe  
  93  7:47  Probe  
  93  7:50  Probe  
  96  7:53  Stalker x3  
  96  7:57  Probe  
  103  7:59  Probe  
  82  8:15  Stalker x4  
  82  8:16  Stalker  
  86  8:22  Probe (Chrono Boost)  
  86  8:23  Dark Shrine  
  86  8:25  Probe (Chrono Boost), Assimilator  
  86  8:26  Assimilator  
  88  8:30  Stalker  
  88  8:31  Shield Battery, Stalker  
  92  8:35  Zealot  
  92  8:40  Adept x2  
  98  8:42  Adept  
  98  8:43  Probe (Chrono Boost)  
  101  8:51  Stalker x2  
  105  9:02  Warp Prism (Chrono Boost)  
  101  9:03  Probe, Protoss Ground Weapons Level 2 (Chrono Boost)  
  101  9:08  Stalker x2  
  106  9:13  Probe  
  107  9:17  Pylon  
  107  9:18  Pylon  
  107  9:19  Probe  
  107  9:22  Pylon  
  107  9:36  Stalker  
  107  9:37  Observer (Chrono Boost), Stalker x4  
  118  9:48  Dark Templar x3  
  124  9:54  Pylon  
  124  10:02  Nexus  
  124  10:05  Robotics Bay  
  124  10:12  Stalker x2  
  128  10:16  Photon Cannon  
  128  10:18  Observer (Chrono Boost)  
  129  10:27  Shield Battery  
  129  10:28  Photon Cannon, Pylon  
  127  10:36  Nexus  
  125  10:43  Stalker x5  
  135  10:56  Probe  
  134  10:57  Photon Cannon, Probe  
  134  11:00  Robotics Facility  
  134  11:02  Probe  
  134  11:03  Robotics Facility  
  136  11:05  Photon Cannon  
  136  11:06  Observer (Chrono Boost)  
  136  11:08  Probe  
  136  11:09  Photon Cannon  
  135  11:12  Stalker  
  132  11:20  Disruptor (Chrono Boost), Photon Cannon  
  132  11:24  Observer  
  135  11:27  Probe  
  135  11:28  Probe  
  137  11:33  Photon Cannon  
  137  11:37  Probe  
  138  11:43  Photon Cannon  
  138  11:45  Stalker  
  140  11:49  Probe  
  140  11:53  Disruptor  
  140  11:54  Disruptor  
  144  11:55  Disruptor  
  148  12:11  Stalker x2  
  148  12:22  Stalker x2  
  152  12:24  Probe (Chrono Boost)  
  152  12:27  Probe (Chrono Boost)  
  152  12:28  Disruptor  
  152  12:29  Disruptor  
  157  12:31  Disruptor  
  157  12:33  Probe (Chrono Boost)  
  157  12:36  Protoss Ground Weapons Level 3 (Chrono Boost)  
  164  12:37  Pylon  
  164  12:38  Pylon  
  164  12:40  Pylon  
  153  13:01  Probe x4 (Chrono Boost)  
  153  13:03  Assimilator x2  
  153  13:04  Disruptor  
  153  13:05  Disruptor  
  160  13:11  Probe (Chrono Boost)  
  160  13:12  Photon Cannon  
  161  13:16  Photon Cannon  
  161  13:19  Observer, Photon Cannon  
  162  13:21  Zealot x3  
  165  13:34  Dark Templar x2  
  165  13:40  Disruptor, Observer  
  167  13:43  Observer  
  163  13:48  Disruptor (Chrono Boost)  
  152  13:57  Nexus  
  152  14:01  Disruptor (Chrono Boost)  
  150  14:05  Stalker  
  150  14:06  Stalker  
  154  14:13  Photon Cannon  
  157  14:23  Disruptor (Chrono Boost)  
  150  14:43  Observer  
  150  14:48  Pylon  
  150  14:49  Pylon  
  98  15:08  Dark Templar x2  
  98  15:09  Dark Templar x4  
  98  15:10  Dark Templar  
  93  15:24  Observer  
  93  15:26  Disruptor (Chrono Boost)  
  93  15:28  Stalker  
  86  15:31  Probe  
  79  15:40  Dark Templar x2  
  82  15:54  Zealot x3  
  82  15:55  Zealot  
Show
View Real Time Build Order
Export as new Build Order

Astrea Protoss - Winner!

Build Orders: Phoenix Opening, Blink Stalkers 

Get SALT Encoding   

  12  0:00  Probe  
  13  0:12  Probe  
  14  0:16  Pylon  
  14  0:24  Probe (Chrono Boost)  
  16  0:35  Gateway  
  16  0:37  Probe (Chrono Boost)  
  16  0:43  Probe (Chrono Boost)  
  16  0:45  Assimilator  
  17  0:51  Probe  
  17  0:53  Assimilator  
  18  1:03  Probe (Chrono Boost)  
  19  1:12  Gateway, Probe (Chrono Boost)  
  19  1:17  Probe (Chrono Boost)  
  20  1:22  Cybernetics Core  
  21  1:29  Probe  
  21  1:32  Pylon  
  22  1:41  Probe  
  23  1:54  Probe  
  24  1:59  Adept, Warp Gate, Stalker  
  28  2:04  Pylon  
  28  2:07  Probe  
  29  2:25  Twilight Council  
  29  2:26  Pylon  
  29  2:32  Sentry  
  31  2:51  Nexus  
  31  2:53  Probe, Blink (Chrono Boost)  
  32  3:05  Probe  
  32  3:10  Stalker  
  35  3:18  Probe  
  36  3:27  Pylon  
  36  3:30  Probe  
  37  3:45  Probe  
  38  3:56  Phoenix  
  38  3:57  Probe  
  39  4:05  Probe  
  39  4:06  Stalker x2  
  39  4:09  Probe  
  43  4:15  Pylon  
  43  4:17  Probe  
  43  4:18  Robotics Facility  
  43  4:21  Probe  
  45  4:29  Adept x2, Probe  
  50  4:33  Probe  
  51  4:41  Probe  
  51  4:45  Probe  
  53  4:48  Pylon  
  53  4:53  Probe  
  53  4:57  Probe  
  53  4:58  Phoenix, Stalker x2  
  57  5:01  Pylon  
  57  5:05  Probe  
  58  5:09  Probe  
  58  5:14  Nexus  
  57  5:17  Immortal (Chrono Boost)  
  59  5:26  Nexus  
  61  5:28  Shield Battery  
  61  5:31  Stalker  
  61  5:35  Stalker  
  63  5:37  Assimilator  
  63  5:40  Probe x2  
  65  5:46  Observer (Chrono Boost)  
  66  5:54  Probe, Stalker  
  69  5:58  Probe  
  70  6:04  Charge (Chrono Boost), Pylon  
  70  6:06  Probe  
  70  6:08  Stalker  
  70  6:10  Probe  
  78  6:14  Pylon  
  78  6:21  Gateway  
  78  6:22  Gateway  
  78  6:24  Observer  
  77  6:26  Gateway  
  77  6:27  Gateway  
  77  6:29  Gateway  
  75  6:33  Gateway  
  75  6:34  Gateway  
  75  6:39  Probe (Chrono Boost)  
  78  6:43  Probe x2 (Chrono Boost)  
  78  6:47  Warp Prism  
  78  6:51  Probe (Chrono Boost)  
  78  6:53  Probe (Chrono Boost)  
  82  6:56  Probe  
  82  6:57  Adept x2  
  82  6:58  Probe  
  88  7:03  Probe  
  88  7:07  Pylon  
  89  7:08  Probe  
  89  7:10  Probe  
  91  7:21  Stalker x4  
  95  7:45  Zealot x8  
  111  7:59  Pylon  
  105  8:10  Zealot x7  
  109  8:12  Warp Prism (Chrono Boost)  
  109  8:18  Nexus  
  101  8:20  Stalker  
  103  8:31  Stalker x4  
  107  8:43  Forge  
  107  8:44  Probe x3  
  107  8:45  Dark Shrine  
  110  8:50  Zealot x2  
  110  8:51  Zealot  
  116  8:56  Probe x3  
  116  9:06  Assimilator  
  116  9:08  Probe x3  
  119  9:10  Protoss Ground Weapons Level 1 (Chrono Boost)  
  119  9:12  Robotics Bay  
  119  9:20  Zealot, Probe x3  
  119  9:23  Pylon x2  
  124  9:32  Probe x4  
  124  9:36  Photon Cannon  
  128  9:40  Pylon  
  128  9:44  Probe x2  
  128  9:45  Photon Cannon  
  130  9:46  Photon Cannon  
  130  9:48  Assimilator  
  130  9:49  Assimilator  
  130  9:54  Shadow Stride (Chrono Boost)  
  130  9:56  Disruptor (Chrono Boost)  
  131  10:01  Dark Templar x4  
  131  10:06  Photon Cannon, Probe x2  
  141  10:08  Shield Battery  
  141  10:23  Disruptor (Chrono Boost)  
  141  10:24  Robotics Facility  
  142  10:47  Stalker x7  
  156  10:53  Disruptor (Chrono Boost)  
  152  10:58  Gravitic Boosters (Chrono Boost)  
  152  11:02  Pylon  
  152  11:03  Pylon  
  152  11:04  Pylon  
  152  11:05  Pylon  
  152  11:13  Disruptor (Chrono Boost)  
  155  11:24  Dark Templar x3  
  164  11:28  Zealot x4  
  164  11:29  Zealot  
  164  11:30  Disruptor (Chrono Boost)  
  164  11:31  Gateway  
  164  11:32  Gateway, Protoss Ground Weapons Level 2  
  174  11:35  Gateway  
  174  11:36  Gateway  
  174  11:37  Disruptor (Chrono Boost)  
  175  11:40  Pylon  
  175  11:44  Nexus  
  175  11:46  Nexus  
  175  11:50  Pylon  
  160  12:03  Disruptor (Chrono Boost), Zealot x8  
  182  12:08  Pylon  
  177  12:17  Observer (Chrono Boost)  
  177  12:20  Photon Cannon  
  174  12:30  Zealot x11  
  174  12:32  Observer (Chrono Boost)  
  174  12:33  Photon Cannon  
  174  12:34  Photon Cannon  
  174  12:36  Shield Battery  
  197  12:39  Pylon  
  184  12:53  Observer (Chrono Boost)  
  184  12:54  Dark Templar x5  
  184  12:55  Dark Templar  
  191  13:04  Probe x3  
  191  13:05  Probe x2  
  195  13:16  Probe  
  190  13:21  Zealot x4  
  190  13:22  Zealot  
  194  13:45  Disruptor  
  178  13:50  Disruptor  
  157  13:55  Zealot  
  157  13:56  Zealot x11  
  169  14:14  Nexus  
  168  14:21  Disruptor, Stalker x11  
  184  14:45  Zealot x12  
  185  14:55  Observer  
  185  14:57  Disruptor  
  165  15:12  Zealot x12  
  164  15:31  Probe x4  
  164  15:32  Disruptor, Probe x2  
  158  15:43  Probe  
  158  15:45  Zealot x12  
  158  15:49  Photon Cannon  
  183  15:51  Photon Cannon, Pylon  
  183  15:54  Probe x3  
  186  15:58  Nexus, Pylon  
Tags
 
Add a new tag
Caveats
  • Supply blocks, unpowered buildings, or Contaminate may cause inaccurate times.
  • Supply counts are checked every 10 seconds.